 Dungeon Crawl Stone Soup version 0.19.3-1-g3169bf9 (webtiles) character file.

58 RKaid the Skirmisher (level 3, 0/31 HPs)
             Began as a Demonspawn Wanderer on Jan 24, 2017.
             Succumbed to an adder's poison
             ... on level 2 of the Dungeon.
             The game lasted 00:03:49 (1461 turns).

RKaid the Skirmisher (Demonspawn Wanderer)          Turns: 1461, Time: 00:03:50

Health: 0/31       AC:  5    Str:  9 (11) XL:     3   Next: 75%
Magic:  2/3        EV: 11    Int: 15 (16) God:
Gold:   109        SH:  0    Dex:  9 (11) Spells: 0 memorised, 2 levels left

rFire  . . .     SeeInvis .     a - +0 quarterstaff
rCold  . . .     Gourm    .     c - +2 leather armour
rNeg   . . .     Faith    .     (shield currently unavailable)
rPois  .         Spirit   +     (helmet restricted)
rElec  .         Reflect  .     (no cloak)
rCorr  .         Harm     .     (no gloves)
MR     .....                    (no boots)
Stlth  +.........               (no amulet)
                                (no ring)
                                (no ring)

@: lethally poisoned (0 -> -4), flying, very slightly contaminated, invisible
A: antennae 1, magic shield
a: no special abilities


You were on level 2 of the Dungeon.
You were not hungry.

You visited 1 branch of the dungeon, and saw 2 of its levels.

You collected 109 gold pieces.

Inventory:

Hand Weapons
 a - a +0 quarterstaff (weapon)
 b - a +0 spear
Armour
 c - a +2 leather armour (worn)
 e - a +0 plate armour
   (You found it on level 1 of the Dungeon)
 k - +0 fire dragon scales {rF++, rC-}
   (You found it on level 1 of the Dungeon)
Jewellery
 h - an uncursed ring of fire {rF+, rC-}
   (You found it on level 1 of the Dungeon)
Scrolls
 g - 2 scrolls of teleportation
 i - a scroll of identify
Potions
 p - a potion of mutation {!q}
Comestibles
 d - 2 bread rations
 f - 3 chunks of flesh
 l - a meat ration


   Skills:
 + Level 4.3 Fighting
 * Level 3.3 Staves
 - Level 1.0 Throwing
 - Level 1.0 Armour
 - Level 1.0 Dodging
   Level 1.0 Evocations


You had 2 spell levels left.
You didn't know any spells.

Dungeon Overview and Level Annotations

Branches:
Dungeon (2/15)

Altars:
Ru


Innate Abilities, Weirdness & Mutations

You have a pair of small antennae on your head.
When hurt, damage is shared between your health and your magic reserves.


Message History

The leopard gecko bites you.
You hit the leopard gecko.
You kill the leopard gecko!
No target in view!
You start resting.
Eating one of 6 chunks of flesh.
You start eating one of the 6 chunks of flesh.
You are feeling hungry.
This raw flesh tastes terrible.
You butcher the leopard gecko corpse.
f - 7 chunks of flesh (gained 2) Done exploring.
Done exploring.
You see here fire dragon scales {rF++, rC-}.
Press: ? - help, v - describe, . - travel, g - get item Fire dragon scales {rF++, rC-}.
The floor. k - fire dragon scales {rF++, rC-} Done exploring.
You start resting.
Some of the chunks of flesh in your inventory have rotted away.
There is a stone staircase leading down here.
Search for what [? for help]? .
Wear which item? (? for menu, Esc to quit)
Okay, then.
You climb downwards.
There is a stone staircase leading up here.
An adder comes into view.
The adder hisses angrily.
Found a meat ration.
Found a stone staircase leading up.
A bat comes into view.
A bat is nearby!
You sock the bat!
You kill the bat!
A bat comes into view.
The adder bites you.
You closely miss the adder. The adder closely misses you.
The adder bites you but does no damage.
You closely miss the adder. The adder bites you but does no damage.
The bat hits you but does no damage.
You barely miss the adder. The bat closely misses you.
The adder barely misses you. The adder bites you.
You miss the adder. The bat barely misses you.
The adder bites you but does no damage. The bat hits you but does no damage.
You sock the bat!
You kill the bat!
The adder bites you but does no damage.
You closely miss the adder. The adder bites you.
You closely miss the adder. The adder misses you. The adder barely misses you.
You closely miss the adder. The adder bites you but does no damage.
You miss the adder. The adder completely misses you. The adder bites you.
You are poisoned.
The adder poisons you!
You hit the adder.
You feel sick. The adder misses you.
You hit the adder. The adder bites you.
You are more poisoned.
The adder poisons you! The adder closely misses you.
You sock the adder!
You feel sick. The adder misses you.
You barely miss the adder.
You feel sick. The adder bites you but does no damage. The adder bites you.
You closely miss the adder. The adder bites you.
Some of the chunks of flesh in your inventory have rotted away.
You closely miss the adder.
You feel sick. The adder bites you.
You are lethally poisoned!
The adder poisons you! The adder bites you but does no damage.
It was a potion of invisibility.
You fade into invisibility!
* * * LOW HITPOINT WARNING * * *
You feel sick. The adder bites you.
* * * LOW HITPOINT WARNING * * *
You are very lightly contaminated with residual magic.
It was a potion of flight.
You feel very buoyant.
You fly up into the air.
* * * LOW HITPOINT WARNING * * *
You feel sick. The adder closely misses you.
It was a potion of degeneration.
There was something very wrong with that liquid.
You feel weakened.
You feel dopey.
You feel clumsy.
* * * LOW HITPOINT WARNING * * *
You feel sick. The adder barely misses you. x2
* * * LOW HITPOINT WARNING * * *
You feel sick.
* * * LOW HITPOINT WARNING * * *
You feel sick.
* * * LOW HITPOINT WARNING * * *
You feel sick. The adder closely misses you.
* * * LOW HITPOINT WARNING * * *
You feel sick.
* * * LOW HITPOINT WARNING * * *
You feel sick. The adder closely misses you.
* * * LOW HITPOINT WARNING * * *
You feel sick.
You catch the helpless adder completely off-guard!
You hit the adder. The adder bites you but does no damage.
The adder closely misses you.
You hit the adder.
You kill the adder!
You die...

#########
#.....<.#
#.#####.#
####.#######
#.........@#
#.##.#####.#
#.##.# #.#
#.......#
#.#
#......<####
#.#
....%....
#.#
#.#####..
#.# . ..#.
... ....


There were no monsters in sight!

Vanquished Creatures
  2 adders (D:2)
  2 dart slugs (D:1)
  A leopard gecko (D:1)
  7 bats
  2 giant cockroaches
  2 goblins (D:1)
  4 hobgoblins (D:1)
  2 quokkas (D:2)
  9 frilled lizards
  3 kobolds (D:1)
  4 rats
38 creatures vanquished.

Notes
Turn   | Place    | Note
-------+----------+-------------------------------------------
     0 | D:1      | RKaid the Demonspawn Wanderer began the quest for the Orb.
     0 | D:1      | RKaid set off with: a +2 leather armour, a +0 spear, a +0 quarterstaff, a bread ration
     0 | D:1      | Reached XP level 1. HP: 19/19 MP: 1/1
    48 | D:1      | Reached skill level 2 in Staves
   130 | D:1      | Gained mutation: When hurt, damage is shared between your health and your magic reserves. [demonic ancestry]
   130 | D:1      | Reached XP level 2. HP: 23/25 MP: 2/2
   499 | D:1      | You fall through a shaft!
   510 | D:2      | Gained mutation: You have a pair of small antennae on your head. [demonic ancestry]
   510 | D:2      | Reached XP level 3. HP: 16/30 MP: 1/3
   534 | D:2      | HP: 7/30 [poisoned by an adder]
   780 | D:2      | Reached skill level 3 in Staves
   829 | D:2      | Found a sacrificial altar of Ru.
  1449 | D:2      | HP: 7/30 [poisoned by an adder]
  1454 | D:2      | HP: 3/30 [poisoned by an adder]
  1459 | D:2      | HP: 1/30 [poisoned by an adder]
  1461 | D:2      | Succumbed to an adder's poison

Skill      XL: |  1  2  3 |
---------------+----------+-----
Staves         | 2 3 |  3.3
Fighting       | |  4.3
Throwing       | |  1.0
Armour         | |  1.0
Dodging        | |  1.0
Evocations     | |  1.0

Action                   || total
-------------------------++-------
Melee: Quarterstaff      ||   130
  Use: Scroll            ||     4
       Potion            ||     3
 Stab: Invisible         ||     1
       Sleeping          ||     1
  Eat: Chunk             ||     2
Armor: Leather armour    ||    59
Dodge: Dodged            ||    91

Vault maps used:
D:1:      lightli_arrival_flooded_house, hangedman_abyss_or_decor_lesser_grid,
          minmay_lizard_pond
D:2:      lemuel_coloured_pillars_altar, nicolae_ru_sacrificial_ziggurat,
          wad_floor_pattern_untrapped, minmay_misc_feat_four_crosses

Table legend:
 A = Turns spent in this place as a percentage of turns spent in the entire game.
 B = Non-inter-level travel turns spent in this place as a percentage of non-inter-level travel turns spent in the entire game.
 C = Inter-level travel turns spent in this place as a percentage of turns spent in this place.
 D = Turns resting spent in this place as a percentage of non-inter-level travel turns spent in this place.
 E = Turns spent auto-exploring this place as a percentage of non-inter-level travel turns spent in this place.
 F = Non-inter-level travel turns spent in this place divided by the number of levels of this place that you've seen.
                   A       B       C       D       E      F
               +-------+-------+-------+-------+-------+----------------------
         Total | 100.0 | 100.0 |   0.2 |   3.3 |  10.0 | 230.0
       Dungeon | 100.0 | 100.0 |   0.2 |   3.3 |  10.0 | 230.0
               +-------+-------+-------+-------+-------+----------------------

Table legend:
 A = Kills in this place as a percentage of kills in entire the game.
 B = Kills by you in this place as a percentage of kills by you in the entire game.
 C = Kills by friends in this place as a percentage of kills by friends in the entire game.
 D = Other kills in this place as a percentage of other kills in the entire game.
 E = Experience gained in this place as a percentage of experience gained in the entire game.
 F = Experience gained in this place divided by the number of levels of this place that you have seen.
                   A       B       C       D       E      F
               +-------+-------+-------+-------+-------+----------------------
         Total | 100.0 | 100.0 |  -nan |  -nan | 100.0 |  41.5
       Dungeon | 100.0 | 100.0 |  -nan |  -nan | 100.0 |  41.5
               +-------+-------+-------+-------+-------+----------------------
